 Dungeon Crawl Stone Soup version 0.15.0-29-ga8e3430 (webtiles) character file.

24 Rhoefr the Chiller (level 3, 21/21 HPs)
             Began as an Octopode Ice Elementalist on Sept 12, 2014.
             Quit the game on Level 1 of the Dungeon.
             The game lasted 00:05:33 (1253 turns).

Rhoefr the Chiller (Octopode Ice Elementalist)      Turns: 1253, Time: 00:05:33

HP  21/21        AC  1     Str  7      XL: 3   Next:  2%
MP   5/6         EV 15     Int 18      God:
Gold 64          SH  0     Dex 12      Spells:  2 memorised,  2 levels left

rFire  . . .     SeeInvis .     (no weapon)
rCold  . . .     Clarity  .     (no shield)
rNeg   . . .     rCorr    .     (helmet restricted)
rPois  .         rRot     .     (no amulet)
rElec  .         Spirit   .     i - +3 ring of evasion
SustAb .         Warding  .     (no ring)
rMut   .         Stasis   .     (no ring)
Gourm  .                        (no ring)
MR     .....                    (no ring)
                                (no ring)
                                (no ring)
                                (no ring)

@: not resistant to hostile enchantments, fairly stealthy
A: almost no armour, amphibious, 8 rings, constrict 8, camouflage 1, gelatinous
body 1
a: no special abilities


You were on level 1 of the Dungeon.
You were very hungry.

You visited 1 branch of the dungeon, and saw 1 of its levels.

You collected 64 gold pieces.

Inventory:

Comestibles
 c - a bread ration
 g - 2 rotting chunks of goblin flesh
Scrolls
 a - a scroll of blinking {unknown}
 d - a scroll of random uselessness {unknown}
Jewellery
 i - a +3 ring of evasion (left tentacle)
Potions
 e - 2 potions of heal wounds {unknown}
 f - a potion of restore abilities {unknown}
 h - a potion of cure mutation {unknown}
 j - a potion of curing {unknown}
Books
 b - a book of Frost

   Spells                             Type                      Level
   *Freeze                            Ice                          1
   Throw Frost                        Conjuration/Ice              2
   *Ozocubu's Armour                  Charms/Ice                   3
   Throw Icicle                       Conjuration/Ice              4
   Summon Ice Beast                   Ice/Summoning                4
   Condensation Shield                Ice                          4


   Skills:
 - Level 2.1 Dodging
 - Level 2.6 Stealth
 - Level 2.0 Spellcasting
   Level 1.0 Conjurations
 + Level 4.0 Ice Magic


You had 2 spell levels left.
You knew the following spells:

 Your Spells              Type           Power        Failure   Level  Hunger
a - Ozocubu's Armour      Chrm/Ice       #.......     24%         3    ####...
z - Freeze                Ice            ###.         3%          1    #......


Dungeon Overview and Level Annotations

Branches:
Dungeon (1/15)

Altars:


Innate Abilities, Weirdness & Mutations

You cannot wear most types of armour.
You are amphibious.
You can wear up to eight rings at the same time.
You can use your tentacles to constrict many enemies at once.
Your skin changes colour to match your surroundings (Stealth).
Your rubbery body absorbs attacks (AC +1).


Message History

A film of ice covers your body!
You barely miss the kobold. You grab the kobold.
You constrict the kobold, but do no damage.
The kobold hits you but does no damage.
You tentacle-slap the kobold.
The kobold is heavily wounded.
You constrict the kobold.
You kill the kobold!
Your Ice Magic skill increases to level 4!
No target in view!
j - a green potion You now have 64 gold pieces (gained 8).
Things that are here:
a hand axe; a hunting sling You start resting.
Your icy armour starts to melt.
You start resting.
Your icy armour evaporates.
Okay, then.
Are you sure you want to abandon this character and quit the game? (Confirm with "yes".)

# #...#####.# # # ###....#..#
#...# ###### #####...####...#
## #...%# ### #..)...........#
#.
####.####.####.###.........#
#.
#.......###.#...#####...#####%
####.....##...>)...##...#.....
#.............##.##.....#### #
#.......###@#..#.##....##
##.....## #.##.#.......#
##...## #.##..)#.....# ##.##
##.###.##.)...#
#############.............#
#................#.##.....#
###.....#######..###.##.....#
#.....#..#......[# #.##.....#
..###.##...#####.# #.##.....#


There were no monsters in sight!

Vanquished Creatures
  A giant gecko (D:1)
  4 bats (D:1)
  4 goblins (D:1)
  3 hobgoblins (D:1)
  A giant cockroach (D:1)
  A giant newt (D:1)
  6 kobolds (D:1)
  6 rats (D:1)
26 creatures vanquished.

Notes
Turn   | Place    | Note
--------------------------------------------------------------
     0 | D:1      | Rhoefr, the Octopode Ice Elementalist, began the quest for the Orb.
     0 | D:1      | Reached XP level 1. HP: 11/11 MP: 3/3
   286 | D:1      | Reached XP level 2. HP: 17/17 MP: 1/4
  1124 | D:1      | Reached XP level 3. HP: 21/21 MP: 6/6
  1211 | D:1      | Learned a level 3 spell: Ozocubu's Armour
  1228 | D:1      | Reached skill level 4 in Ice Magic
  1253 | D:1      | Quit the game

Action                   || total
-------------------------++-------
Melee: Unarmed           ||    36
 Cast: Freeze            ||    14
       Ozocubu's Armour  ||     1
 Stab: Sleeping          ||     6
